 Dungeon Crawl Stone Soup version 0.30.1-9-gdf580d7c3d (webtiles) character file.

Game seed: 13693742124794529968

1099 lonewolfV2 the Shield-Bearer (level 8, 0/60 HPs)
             Began as a Demonspawn Fighter on Oct 23, 2023.
             Was a Believer of Vehumet.
             Slain by a gnoll
             ... wielding a +0 halberd
             ... led by a gnoll bouda
              (5 damage)
             ... on level 5 of the Dungeon.
             The game lasted 00:06:14 (3827 turns).

lonewolfV2 the Shield-Bearer (Demonspawn Fighter)   Turns: 3827, Time: 00:06:15

Health: 0/60       AC: 11    Str: 18    XL:     8   Next: 10%
Magic:  8/8        EV: 12    Int: 10    God:    Vehumet [**....]
Gold:   280        SH:  5    Dex: 13    Spells: 7/7 levels left

rFire   . . .        a - +0 war axe
rCold   . . .        c - +0 buckler
rNeg    . . .        k - +1 chain mail
rPois   .            (helmet restricted)
rElec   .            (no cloak)
rCorr   .            (no gloves)
SInv    .            (no boots)
Will    .....        g - amulet of faith Stlth
                     f - +5 ring of evasion
HPRegen 0.30/turn    (no ring)
MPRegen 0.11/turn

%: faith
@: hasted, very quick
A: hooves 2, horns 1, demonic magic 2
a: Renounce Religion


You were on level 5 of the Dungeon.
You worshipped Vehumet.
Vehumet was pleased with you.
You visited 1 branch of the dungeon, and saw 5 of its levels.

You collected 280 gold pieces.

Inventory:

Hand Weapons
 a - a +0 war axe (weapon)
Armour
 b - a +0 scale mail
 c - a +0 buckler (worn)
 k - a +1 chain mail (worn)
Jewellery
 f - a +5 ring of evasion (left hand)
 g - an amulet of faith (around neck)
 l - a ring of resist corrosion
Scrolls
 i - 2 scrolls of identify
 n - a scroll of torment
 u - 2 scrolls of enchant armour
Potions
 d - a potion of attraction {unknown}
 m - a potion of brilliance
 o - 2 potions of flight


   Skills:
 + Level 4.2 Fighting
 + Level 3.2 Axes
 - Level 6.1 Armour
 - Level 6.1 Shields


You had 7 spell levels left.
You didn't know any spells.
Your spell library contained the following spells:

 Spells                   Type           Power      Damage    Failure   Level
 Inner Flame              Hex/Fire       0%         N/A       100%        3
 Magic Dart               Conj           0%         1d3       98%         1
 Searing Ray              Conj           0%         2d4       99%         2
 Call Canine Familiar     Summ           0%         N/A       100%        3
 Dazzling Flash           Conj/Hex       0%         N/A       100%        3
 Frozen Ramparts          Ice            0%         1d1       100%        3
 Portal Projectile        Hex/Tloc       0%         N/A       100%        3
 Volatile Blastmotes      Fire/Tloc      0%         2d10      100%        3
 Fulminant Prism          Conj/Hex       0%         3d5       100%        4
 Ice Form                 Ice/Tmut       0%         N/A       100%        4
 Iskenderun's Mystic Bla  Conj/Tloc      0%         2d3       100%        4
 Leda's Liquefaction      Hex/Erth       0%         N/A       100%        4
 Summon Ice Beast         Ice/Summ       0%         N/A       100%        4
 Starburst                Conj/Fire      0%         6d3       100%        6


Dungeon Overview and Level Annotations

Branches:
Dungeon (5/15)
 Temple: D:4-7

Altars:
Ashenzari
Fedhas
Vehumet
Wu Jian

Shops:
D:1 [[(=


Innate Abilities, Weirdness & Mutations

You have hoof-like feet.
You have a pair of small horns on your head.
Spells you cast may paralyse nearby enemies.


Message History

Your magic grows more menacing.
You hit the scorpion but do no damage. You kick the scorpion.
The scorpion is severely wounded.
You hit the gnoll bouda.
The scorpion stings you but does no damage.
You block the gnoll bouda's attack. The scorpion misses you.
You completely miss the scorpion. You headbutt the scorpion.
The scorpion is severely wounded.
You hit the gnoll bouda but do no damage.
The gnoll bouda barely misses you. The scorpion stings you.
* * * LOW HITPOINT WARNING * * *
You hit the scorpion but do no damage. Your kick misses the scorpion.
The scorpion is severely wounded.
You hit the gnoll bouda.
Your attacks no longer feel as feeble.
The gnoll bouda prays to its god.
The gnoll bouda is healed somewhat.
The scorpion barely misses you.
You slash the scorpion!
You kill the scorpion!
Vehumet accepts your kill.
You barely miss the gnoll bouda.
The gnoll bouda hits you but does no damage.
Your Axes skill increases to level 3!
You slash the gnoll bouda!
You kill the gnoll bouda!
Vehumet accepts your kill.
You barely miss the black bear. You headbutt the black bear.
The black bear is lightly wounded.
The gnoll is no longer moving quickly.
The black bear bites you but does no damage.
The black bear closely misses you.
The black bear claws you but does no damage.
You hit the black bear. You kick the black bear.
The black bear is heavily wounded.
The gnoll misses you. The black bear closely misses you.
The black bear barely misses you. The black bear closely misses you.
You closely miss the black bear.
The black bear is heavily wounded.
The gnoll hits you from afar with a +0 halberd.
You die...

########...........###...........
# ......#.# #.##.##.#### # .
##....#.# #.##.##.# + ..##....#.#
#.##.##.# + ...........
.....##.#### # ......#.#.
#.####...... # ........# ###.#
#..#### ...#. #.#.....# #..#
..... #@#.###.####..####
......#h#........)))....
..#...#g#.###.#....#####
......#)......#....#
...................#
...................####
.....##...###..........
.#...##.#...###....#### #..
#.g)..............


You could see a black bear and a gnoll.

Vanquished Creatures
  Pikel (D:4)
  The ghost of zombieproer the Chopper, an amateur MiBe of Trog (D:4)
  Menkaure (D:5)
  2 lemures (D:4)
  A scorpion (D:5)
  A howler monkey (D:4)
  2 orc priests (D:5)
  A gnoll bouda (D:5)
  An iguana (D:5)
  An orc wizard (D:3)
  3 gnolls (D:5)
  3 adders
  A river rat (D:3)
  A worm (D:4)
  7 orcs
  7 endoplasms
  4 giant cockroaches
  5 goblins
  10 hobgoblins
  6 jackals
  6 kobolds
  5 quokkas
  8 ball pythons
  4 bats
  4 frilled lizards
  9 rats
95 creatures vanquished.

Notes
Turn   | Place    | Note
-------+----------+-------------------------------------------
     0 | D:1      | lonewolfV2 the Demonspawn Fighter began the quest for the
                  | Orb.
     0 | D:1      | Reached XP level 1. HP: 18/18 MP: 1/1
    76 | D:1      | Gained mutation: Spells you cast may paralyse adjacent
                  | enemies. [demonic ancestry]
    76 | D:1      | Reached XP level 2. HP: 20/24 MP: 2/2
   117 | D:1      | Found Huhecaclack's Armour Emporium.
   314 | D:1      | Found Dempupt's Armour Boutique.
   334 | D:1      | Found Lumei's Antique Weapon Shop.
   417 | D:1      | Found Cil Rosk's Jewellery Shoppe.
   624 | D:2      | Found a faded altar of an unknown god.
   627 | D:2      | Discovered your monstrous ancestry.
   627 | D:2      | Gained mutation: You have large cloven feet. [demonic
                  | ancestry]
   627 | D:2      | Reached XP level 3. HP: 29/29 MP: 3/3
   692 | D:2      | Prayed at the altar of an unknown god.
   692 | D:2      | Became a worshipper of Vehumet
   692 | D:2      | Reached * piety under Vehumet
   692 | D:2      | Offered knowledge of Sandblast by Vehumet.
  1062 | D:2      | Gained mutation: You have hoof-like feet. [demonic
                  | ancestry]
  1062 | D:2      | Reached XP level 4. HP: 35/35 MP: 4/4
  1245 | D:3      | Offered knowledge of Momentum Strike by Vehumet.
  1314 | D:3      | Reached ** piety under Vehumet
  1578 | D:3      | Found a broken altar of Ashenzari.
  1596 | D:3      | Found a glowing drain.
  1892 | D:3      | Found an ornate altar of the Wu Jian Council.
  2271 | D:4      | Noticed a lemure
  2272 | D:4      | Noticed a lemure
  2272 | D:4      | Noticed a lemure
  2287 | D:4      | Killed a lemure
  2302 | D:4      | Killed a lemure
  2326 | D:4      | Noticed Pikel
  2328 | D:4      | Found a runed translucent door.
  2328 | D:4      | Noticed a lemure
  2347 | D:4      | Killed Pikel
  2348 | D:4      | Reached skill level 5 in Armour
  2348 | D:4      | Reached skill level 5 in Shields
  2348 | D:4      | Reached XP level 5. HP: 23/41 MP: 5/5
  2348 | D:4      | Reached XP level 6. HP: 27/47 MP: 6/6
  2348 | D:4      | Gained mutation: You have a pair of small horns on your
                  | head. [demonic ancestry]
  2348 | D:4      | Reached XP level 7. HP: 29/52 MP: 7/7
  2440 | D:4      | Noticed zombieproer's ghost (amateur MiBe)
  2508 | D:4      | Found a blossoming altar of Fedhas.
  2969 | D:4      | Killed zombieproer's ghost
  3446 | D:5      | Entered Level 5 of the Dungeon
  3536 | D:5      | Noticed Menkaure
  3544 | D:5      | Offered knowledge of Inner Flame by Vehumet.
  3546 | D:5      | Killed Menkaure
  3820 | D:5      | Gained mutation: Spells you cast may paralyse nearby
                  | enemies. [demonic ancestry]
  3820 | D:5      | Reached XP level 8. HP: 5/60 MP: 8/8
  3821 | D:5      | HP: 3/60 [scorpion (2)]
  3827 | D:5      | Slain by a gnoll

Illustrated notes

Levels and vault maps discovered:
D:1:      spicycebolla_green_bress_n_ham, layout_rooms, serial_shops,
          nicolae_lakefront_shop, nicolae_shop_peninsula,
          nicolae_shop_rolling_square, shop
D:2:      layout_rooms, basic_ecumenical_altar, minmay_tetromino_i2
D:3:      layout_basic, nicolae_overflow_hidden_temple,
          nzn_wu_jian_council_hall, portal_sewer_entry_b
D:4:      layout_basic, lemuel_doored_altar, ebering_ghost_reflecting_pool,
          uniq_pikel
D:5:      layout_basic, grunt_temple_overflow_lords_of_destruction,
          kennysheep_generic_room_15, uniq_menkaure

Skill      XL: |  1  2  3  4  5  6  7  8 |
---------------+-------------------------+-----
Shields        | 3 5 6 |  6.1
Armour         | 3 5 6 |  6.1
Axes           | 2 3 |  3.2
Fighting       | 4 |  4.2

Action                     |  1- 3 |  4- 6 |  7- 9 || total
---------------------------+-------+-------+-------++-------
  Melee: War axe           |    91 |    79 |    57 ||   227
         Kick              |     5 |    18 |    23 ||    46
         Headbutt          |       |       |    10 ||    10
  Evoke: Wand              |       |       |     6 ||     6
    Use: Scroll            |     6 |     2 |     8 ||    16
         Potion            |       |     3 |     6 ||     9
 Armour: Scale mail        |    18 |       |       ||    18
         Chain mail        |    58 |    44 |    41 ||   143
  Dodge: Dodged            |    70 |    71 |    68 ||   209
  Block: Buckler           |    38 |    21 |    23 ||    82
